Kings vs Canucks

Created - 16 novembre 2020 at 20:19

Goals
1 2 3 OT1 T
Kings 2 0 0 1 3
Canucks 0 2 0 0 2
Shots
1 2 3 OT1 T
Kings 12 9 6 6 33
Canucks 7 16 4 1 28

1st period

1. Kings , Madison Bowey 1 (Rickard Rakell 4, Jonathan Toews 10) at 4:57
2. Kings , Lucas Wallmark 1 (Anthony Bitetto 1, Madison Bowey 1) at 7:39

Penalties :
Ian Cole (VAN) for Slashing (Minor) at 8:48, Kirby Dach (VAN) for Tripping (Minor) at 16:04, Anthony Bitetto (LOS) for Interference (Minor) at 19:15

2nd period

3. Canucks , Kevin Hayes 3 (Brock Boeser 7, Alex Pietrangelo 6) at 0:57 (PP)
4. Canucks , Alex Pietrangelo 2 (Brock Boeser 8, Kevin Hayes 7) at 9:36 (PP)

Penalties :
Nick Paul (LOS) for High sticking (Minor) at 1:02, Daniel Sprong (LOS) for Hooking (Minor) at 8:06, Brayden Point (VAN) for Hooking (Minor) at 12:16, Stephen Johns (LOS) for Holding (Minor) at 14:40

3rd period

No Goal

Penalties :
No Penalty

Overtime #1

5. Kings , Rickard Rakell 2 (Mikael Backlund 5, Marc-Edouard Vlasic 2) at 4:36

Penalties :
No Penalty

Goalie Stats

Henrik Lundqvist (LOS), 26 saves from 28 shots - (0,929), W, 2-4-0, 64:37 minutes
Ryan Miller (VAN), 30 saves from 33 shots - (0,909), OTL, 0-0-1, 64:37 minutes

Players Stats for Kings

Player Name              G  A  P  +/- PIM S  H  SB GA TA FO     MP     PP MP  PK MP  
------------------------------------------------------------------------------------
Andre Burakovsky         0  0  0   0  0   5  0  0  0  0  0/0    14:59   3:04   0:00 
Anthony Bitetto          0  1  1   2  2   0  2  1  0  0  0/0    15:52   0:05   1:09 
Daniel Sprong            0  0  0   1  2   0  1  0  0  0  0/0     6:58   0:00   0:00 
Janne Kuokkanen          0  0  0   1  0   1  0  0  0  0  0/0     6:59   0:00   0:00 
Jesper Fast              0  0  0   0  0   0  2  0  0  0  0/0    15:13   3:36   0:00 
John Moore               0  0  0   0  0   0  1  1  0  0  0/0    22:26   3:23   3:11 
Jonathan Toews           0  1  1   1  0   9  1  0  0  0  22/36  25:45   2:21   4:59 
Jordan Eberle            0  0  0   1  0   3  0  1  0  0  0/1    22:06   2:16   2:11 
Justin Williams          0  0  0   0  0   0  2  0  0  0  1/1    12:18   0:00   0:00 
Lucas Wallmark           1  0  1   1  0   3  1  0  0  0  6/9     7:20   0:00   0:21 
Madison Bowey            1  1  2   2  0   1  1  2  0  0  0/0    15:16   0:37   0:00 
Marc-Edouard Vlasic      0  1  1   1  0   1  1  2  0  0  0/0    25:47   2:29   3:59 
Marco Scandella          0  0  0   0  0   1  1  0  0  0  0/0    24:16   1:57   3:59 
Mikael Backlund          0  1  1   1  0   5  1  0  0  0  12/21  22:30   3:36   4:38 
Nick Paul                0  0  0   0  2   0  3  0  0  0  3/12   12:22   0:05   0:00 
Rickard Rakell           1  1  2   2  0   3  0  0  0  0  1/4    22:37   2:16   2:11 
Stephen Johns            0  0  0   0  2   0  4  0  0  0  0/0    20:58   3:23   2:02 
Zemgus Girgensons        0  0  0   0  0   1  0  0  0  0  1/1    12:55   0:37   0:00 

Players Stats for Canucks

Player Name              G  A  P  +/- PIM S  H  SB GA TA FO     MP     PP MP  PK MP  
------------------------------------------------------------------------------------
Aaron Ekblad             0  0  0  -1  0   0  0  3  0  0  0/0    21:29   0:00   3:13 
Alex Pietrangelo         1  1  2  -2  0   4  2  2  0  0  0/0    24:57   2:56   2:44 
Anthony Duclair          0  0  0   0  0   1  1  0  0  0  0/0    17:34   4:14   3:45 
Blake Coleman            0  0  0  -1  0   0  7  0  0  0  1/2    19:19   4:27   0:28 
Boone Jenner             0  0  0   0  0   1  0  1  0  0  1/3    13:06   2:43   2:48 
Brayden Point            0  0  0  -2  2   3  1  1  0  0  6/24   21:53   4:27   0:00 
Brock Boeser             0  2  2  -1  0   4  0  0  0  0  1/2    17:07   2:43   0:00 
Chris Tierney            0  0  0   0  0   0  1  0  0  0  6/11    9:53   0:00   1:44 
Cody Glass               0  0  0   0  0   0  0  0  0  0  0/0     8:09   0:00   0:00 
Ian Cole                 0  0  0   0  2   1  1  3  0  0  0/0    14:00   0:00   0:04 
Keith Yandle             0  0  0  -1  0   0  0  1  0  0  0/0    18:35   0:00   3:09 
Kevin Hayes              1  1  2   0  0   3  1  0  0  0  11/15  14:02   2:43   1:44 
Kirby Dach               0  0  0   0  2   0  2  0  0  0  0/0     9:34   0:00   0:00 
Mitch Marner             0  0  0  -2  0   5  0  2  0  0  0/4    21:54   4:27   0:00 
Morgan Rielly            0  0  0  -1  0   2  1  1  0  0  0/0    24:28   4:14   2:44 
Ron Hainsey              0  0  0   0  0   1  1  0  0  0  0/0    13:57   0:00   0:00 
Ryan O'Reilly            0  0  0  -1  0   3  0  0  0  0  13/23  20:40   2:56   1:25 
Tanner Pearson           0  0  0  -1  0   0  1  0  0  0  0/1    17:14   0:00   0:00 

3 Stars

1 - Madison Bowey (LOS)
2 - Rickard Rakell (LOS)
3 - Kevin Hayes (VAN)

Power Play

Kings - 0 on 3 Attempt(s) - 0,00%
Canucks - 2 on 4 Attempt(s) - 50,00%

Penalty Kill

Kings - 2 on 4 Attempt(s) - 50,00% - Score 0 goal in Penalty Kill
Canucks - 3 on 3 Attempt(s) - 100,00% - Score 0 goal in Penalty Kill

Team Stat

Kings - Hits : 21 - Faceoff Wins : 46 - Blocked Shots : 7 - Penalty Minutes : 8
Canucks - Hits : 19 - Faceoff Wins : 39 - Blocked Shots : 14 - Penalty Minutes : 6

Official

Referees : Dan O'Rourke and Stephen Hiff
Linesman : Trent Knorr and Jake Davis

Game Notes

No Game Note

Finance

Level 1 -- Attendance: 6408 (98,58%) -- Ticket Income 704 880 $
Level 2 -- Attendance: 4758 (95,16%) -- Ticket Income 356 850 $
Level 3 -- Attendance: 2991 (85,46%) -- Ticket Income 164 505 $
Level 4 -- Attendance: 2756 (94,71%) -- Ticket Income 110 240 $
Luxury Box -- Attendance: 1000 (100,00%) -- Ticket Income 199 000 $
Game was played at the Rogers Arena.
Total Attendance: 17913 (94,73%)
Total Ticket Income: 1 535 475 $
Other Income: 752 383 $
Total Income: 2 287 858 $

% Time on Ice - Kings

Lines # - Real PCT - Wanted PCT - Time Play
Normal Forward
1 - 34% - 40% - 15:59
2 - 25% - 30% - 11:37
3 - 26% - 20% - 12:18
4 - 15% - 10% - 6:59
Normal Defense
1 - 34% - 40% - 16:05
2 - 33% - 30% - 15:34
3 - 31% - 20% - 14:39
4 - 1% - 10% - 0:35
PP Forward
1 - 39% - 60% - 2:21
2 - 61% - 40% - 3:36
PP Defense
1 - 43% - 60% - 2:34
2 - 57% - 40% - 3:23
PK Forward
1 - 70% - 60% - 4:59
2 - 30% - 40% - 2:11
PK Defense
1 - 56% - 60% - 3:59
2 - 44% - 40% - 3:11
PK3 Forward
1 - 0% - 60%
2 - 0% - 40%
PK3 Defense
1 - 0% - 60%
2 - 0% - 40%
44 Forward
1 - 0% - 60%
2 - 0% - 40%
44 Defense
1 - 0% - 60%
2 - 0% - 40%
Last Minute Offensive  - 0:00
Last Minute Defensive  - 0:00
Total
Forward - 60:00
Defense - 60:00

% Time on Ice - Canucks

Lines # - Real PCT - Wanted PCT - Time Play
Normal Forward
1 - 31% - 35% - 14:45
2 - 31% - 33% - 14:24
3 - 20% - 25% - 9:35
4 - 17% - 7% - 8:09
Normal Defense
1 - 33% - 42% - 15:26
2 - 35% - 42% - 16:21
3 - 30% - 16% - 13:57
4 - 2% - 0% - 1:09
PP Forward
1 - 62% - 60% - 4:27
2 - 38% - 40% - 2:43
PP Defense
1 - 59% - 60% - 4:14
2 - 41% - 40% - 2:56
PK Forward
1 - 71% - 60% - 4:13
2 - 29% - 40% - 1:44
PK Defense
1 - 54% - 60% - 3:13
2 - 46% - 40% - 2:44
PK3 Forward
1 - 0% - 70%
2 - 0% - 30%
PK3 Defense
1 - 0% - 50%
2 - 0% - 50%
44 Forward
1 - 0% - 50%
2 - 0% - 50%
44 Defense
1 - 0% - 60%
2 - 0% - 40%
Last Minute Offensive  - 0:00
Last Minute Defensive  - 0:00
Total
Forward - 60:00
Defense - 60:00

Play-by-Play

1st period


0:01 of 1st period - Jonathan Toews wins face-off versus Brayden Point in neutral zone.
0:05 of 1st period - Icing by Alex Pietrangelo.
0:06 of 1st period - Mikael Backlund wins face-off versus Tanner Pearson in Canucks zone.
0:23 of 1st period - Mikael Backlund is hit by Tanner Pearson and loses puck.
0:34 of 1st period - Shot by Mikael Backlund.
0:34 of 1st period - Stopped by Ryan Miller with a rebound.
0:47 of 1st period - Icing by Stephen Johns.
0:48 of 1st period - Mikael Backlund wins face-off versus Ryan O'Reilly in Kings zone.
1:56 of 1st period - Icing by Zemgus Girgensons.
1:57 of 1st period - Nick Paul wins face-off versus Kevin Hayes in Kings zone.
2:02 of 1st period - Zemgus Girgensons is hit by Kevin Hayes and loses puck.
2:21 of 1st period - Shot by Kevin Hayes.
2:21 of 1st period - Shot Blocked by Madison Bowey.
2:55 of 1st period - Shot by Lucas Wallmark.
2:55 of 1st period - Stopped by Ryan Miller without a rebound.
2:56 of 1st period - Jonathan Toews wins face-off versus Mitch Marner in Canucks zone.
3:13 of 1st period - Shot by Brayden Point.
3:13 of 1st period - Stopped by Henrik Lundqvist without a rebound.
3:14 of 1st period - Mikael Backlund wins face-off versus Chris Tierney in Kings zone.
3:29 of 1st period - Shot by Morgan Rielly.
3:29 of 1st period - Stopped by Henrik Lundqvist without a rebound.
3:30 of 1st period - Jonathan Toews wins face-off versus Brayden Point in Kings zone.
3:39 of 1st period - Shot by Jonathan Toews.
3:39 of 1st period - Stopped by Ryan Miller without a rebound.
3:40 of 1st period - Mikael Backlund wins face-off versus Blake Coleman in Canucks zone.
4:30 of 1st period - Off-side.
4:31 of 1st period - Brayden Point wins face-off versus Jonathan Toews in neutral zone.
4:49 of 1st period - Shot by Jordan Eberle.
4:49 of 1st period - Shot Misses the Net.
4:51 of 1st period - Shot by Jonathan Toews.
4:51 of 1st period - Stopped by Ryan Miller with a rebound.
4:55 of 1st period - Shot by Rickard Rakell.
4:55 of 1st period - Shot Misses the Net.
4:57 of 1st period - Shot by Madison Bowey.
4:57 of 1st period - Goal by Madison Bowey - Kings : 1 - Canucks : 0.
4:58 of 1st period - Nick Paul wins face-off versus Kevin Hayes in neutral zone.
5:28 of 1st period - Shot by Zemgus Girgensons.
5:28 of 1st period - Stopped by Ryan Miller with a rebound.
6:04 of 1st period - Icing by Keith Yandle.
6:05 of 1st period - Jonathan Toews wins face-off versus Mitch Marner in Canucks zone.
7:00 of 1st period - Icing by Aaron Ekblad.
7:01 of 1st period - Ryan O'Reilly wins face-off versus Lucas Wallmark in Canucks zone.
7:01 of 1st period - Ryan O'Reilly is hit by Lucas Wallmark.
7:16 of 1st period - Brock Boeser is hit by Anthony Bitetto and loses puck.
7:37 of 1st period - Shot by Anthony Bitetto.
7:37 of 1st period - Shot Misses the Net.
7:39 of 1st period - Shot by Lucas Wallmark.
7:39 of 1st period - Goal by Lucas Wallmark - Kings : 2 - Canucks : 0.
7:40 of 1st period - Chris Tierney wins face-off versus Mikael Backlund in neutral zone.
7:48 of 1st period - Boone Jenner is hit by Stephen Johns and loses puck.
8:36 of 1st period - Jordan Eberle is hit by Ian Cole and loses puck.
8:47 of 1st period - Shot by Jonathan Toews.
8:47 of 1st period - Stopped by Ryan Miller with a rebound.
8:48 of 1st period - Minor Penalty to Ian Cole for Slashing.
8:49 of 1st period - Jonathan Toews wins face-off versus Ryan O'Reilly in Canucks zone.
9:05 of 1st period - Icing by Marc-Edouard Vlasic.
9:06 of 1st period - Ryan O'Reilly wins face-off versus Jordan Eberle in Kings zone.
11:00 of 1st period - Shot by Tanner Pearson.
11:00 of 1st period - Shot Blocked by Madison Bowey.
11:14 of 1st period - Shot by Mitch Marner.
11:14 of 1st period - Stopped by Henrik Lundqvist with a rebound.
11:22 of 1st period - Icing by Lucas Wallmark.
11:23 of 1st period - Lucas Wallmark wins face-off versus Ryan O'Reilly in Kings zone.
11:52 of 1st period - Shot by Justin Williams.
11:52 of 1st period - Shot Misses the Net.
12:05 of 1st period - Icing by Alex Pietrangelo.
12:06 of 1st period - Jonathan Toews wins face-off versus Ryan O'Reilly in Canucks zone.
12:41 of 1st period - Jordan Eberle is hit by Anthony Duclair and loses puck.
12:55 of 1st period - Shot by Anthony Duclair.
12:55 of 1st period - Shot Blocked by Jordan Eberle.
12:59 of 1st period - Shot by Ian Cole.
12:59 of 1st period - Shot Misses the Net.
13:03 of 1st period - Shot by Anthony Duclair.
13:03 of 1st period - Stopped by Henrik Lundqvist with a rebound.
13:47 of 1st period - Shot by Jesper Fast.
13:47 of 1st period - Deflect By Mikael Backlund.
13:47 of 1st period - Stopped by Ryan Miller with a rebound.
13:55 of 1st period - Shot by Mikael Backlund.
13:55 of 1st period - Shot Blocked by Alex Pietrangelo.
13:57 of 1st period - Shot by Andre Burakovsky.
13:57 of 1st period - Shot Misses the Net.
13:59 of 1st period - Shot by Andre Burakovsky.
13:59 of 1st period - Stopped by Ryan Miller without a rebound.
14:00 of 1st period - Justin Williams wins face-off versus Chris Tierney in Canucks zone.
14:00 of 1st period - Zemgus Girgensons is hit by Morgan Rielly and loses puck.
14:06 of 1st period - Off-side.
14:07 of 1st period - Chris Tierney wins face-off versus Nick Paul in neutral zone.
15:19 of 1st period - Shot by Jesper Fast.
15:19 of 1st period - Shot Blocked by Mitch Marner.
15:27 of 1st period - Shot by Mikael Backlund.
15:27 of 1st period - Shot Blocked by Ian Cole.
15:29 of 1st period - Shot by Andre Burakovsky.
15:29 of 1st period - Deflect By Mikael Backlund.
15:29 of 1st period - Shot Blocked by Ian Cole.
16:04 of 1st period - Minor Penalty to Kirby Dach for Tripping.
16:05 of 1st period - Boone Jenner wins face-off versus Jonathan Toews in Canucks zone.
16:05 of 1st period - Boone Jenner is hit by Jonathan Toews.
16:20 of 1st period - Rickard Rakell is hit by Alex Pietrangelo and loses puck.
16:25 of 1st period - Shot by Marc-Edouard Vlasic.
16:25 of 1st period - Stopped by Ryan Miller with a rebound.
16:27 of 1st period - Shot by Jonathan Toews.
16:27 of 1st period - Stopped by Ryan Miller without a rebound.
16:28 of 1st period - Chris Tierney wins face-off versus Mikael Backlund in Canucks zone.
16:38 of 1st period - Icing by Andre Burakovsky.
16:39 of 1st period - Mikael Backlund wins face-off versus Chris Tierney in Kings zone.
17:56 of 1st period - Icing by Mikael Backlund.
17:57 of 1st period - Chris Tierney wins face-off versus Mikael Backlund in Kings zone.
17:57 of 1st period - Kevin Hayes is hit by John Moore and loses puck.
18:35 of 1st period - Shot by Mitch Marner.
18:35 of 1st period - Shot Misses the Net.
18:37 of 1st period - Shot by Tanner Pearson.
18:37 of 1st period - Shot Misses the Net.
18:39 of 1st period - Shot by Brayden Point.
18:39 of 1st period - Stopped by Henrik Lundqvist with a rebound.
18:41 of 1st period - Shot by Ian Cole.
18:41 of 1st period - Shot Blocked by Marc-Edouard Vlasic.
18:43 of 1st period - Shot by Ian Cole.
18:43 of 1st period - Stopped by Henrik Lundqvist without a rebound.
18:44 of 1st period - Ryan O'Reilly wins face-off versus Nick Paul in Kings zone.
19:15 of 1st period - Minor Penalty to Anthony Bitetto for Interference.
19:16 of 1st period - Jonathan Toews wins face-off versus Brock Boeser in Kings zone.
19:31 of 1st period - Shot by Brock Boeser.
19:31 of 1st period - Stopped by Henrik Lundqvist without a rebound.
19:32 of 1st period - Jonathan Toews wins face-off versus Brayden Point in Kings zone.
19:41 of 1st period - Marco Scandella is hit by Blake Coleman and loses puck.
Goals for this period are 2 for Kings vs 0 for Canucks.
Shots for this period are 12 for Kings vs 7 for Canucks.

2nd period


0:01 of 2nd period - Jonathan Toews wins face-off versus Brayden Point in neutral zone.
0:17 of 2nd period - Shot by Morgan Rielly.
0:17 of 2nd period - Stopped by Henrik Lundqvist without a rebound.
0:18 of 2nd period - Kevin Hayes wins face-off versus Jonathan Toews in Kings zone.
0:19 of 2nd period - Shot by Brock Boeser.
0:19 of 2nd period - Deflect By Kevin Hayes.
0:19 of 2nd period - Stopped by Henrik Lundqvist without a rebound.
0:20 of 2nd period - Jonathan Toews wins face-off versus Brayden Point in Kings zone.
0:20 of 2nd period - Jonathan Toews is hit by Blake Coleman.
0:42 of 2nd period - Shot by Mitch Marner.
0:42 of 2nd period - Stopped by Henrik Lundqvist without a rebound.
0:43 of 2nd period - Kevin Hayes wins face-off versus Jonathan Toews in Kings zone.
0:57 of 2nd period - Shot by Kevin Hayes.
0:57 of 2nd period - Goal by Kevin Hayes - Kings : 2 - Canucks : 1.
0:58 of 2nd period - Nick Paul wins face-off versus Brayden Point in neutral zone.
1:01 of 2nd period - Aaron Ekblad is hit by Justin Williams.
1:02 of 2nd period - Minor Penalty to Nick Paul for High sticking.
1:03 of 2nd period - Jonathan Toews wins face-off versus Brayden Point in Kings zone.
1:56 of 2nd period - Stephen Johns is hit by Blake Coleman and loses puck.
2:07 of 2nd period - Alex Pietrangelo is hit by Mikael Backlund and loses puck.
3:35 of 2nd period - Shot by Ron Hainsey.
3:35 of 2nd period - Stopped by Henrik Lundqvist without a rebound.
3:36 of 2nd period - Kevin Hayes wins face-off versus Lucas Wallmark in Kings zone.
3:53 of 2nd period - Shot by Kevin Hayes.
3:53 of 2nd period - Stopped by Henrik Lundqvist with a rebound.
3:55 of 2nd period - Shot by Kevin Hayes.
3:55 of 2nd period - Shot Misses the Net.
4:23 of 2nd period - Blake Coleman is hit by Daniel Sprong and loses puck.
5:52 of 2nd period - Off-side.
5:53 of 2nd period - Mikael Backlund wins face-off versus Chris Tierney in neutral zone.
6:07 of 2nd period - Icing by Alex Pietrangelo.
6:08 of 2nd period - Chris Tierney wins face-off versus Nick Paul in Canucks zone.
6:37 of 2nd period - Shot by Nick Paul.
6:37 of 2nd period - Deflect By Justin Williams.
6:37 of 2nd period - Shot Misses the Net.
7:03 of 2nd period - Shot by Andre Burakovsky.
7:03 of 2nd period - Stopped by Ryan Miller without a rebound.
7:04 of 2nd period - Ryan O'Reilly wins face-off versus Mikael Backlund in Canucks zone.
7:45 of 2nd period - Shot by Ryan O'Reilly.
7:45 of 2nd period - Stopped by Henrik Lundqvist without a rebound.
7:46 of 2nd period - Jonathan Toews wins face-off versus Kevin Hayes in Kings zone.
7:55 of 2nd period - Icing by Keith Yandle.
7:56 of 2nd period - Lucas Wallmark wins face-off versus Kevin Hayes in Canucks zone.
8:06 of 2nd period - Minor Penalty to Daniel Sprong for Hooking.
8:07 of 2nd period - Jonathan Toews wins face-off versus Brayden Point in Kings zone.
8:55 of 2nd period - John Moore is hit by Blake Coleman and loses puck.
9:14 of 2nd period - Shot by Alex Pietrangelo.
9:14 of 2nd period - Shot Blocked by John Moore.
9:16 of 2nd period - Shot by Kevin Hayes.
9:16 of 2nd period - Shot Misses the Net.
9:18 of 2nd period - Shot by Boone Jenner.
9:18 of 2nd period - Stopped by Henrik Lundqvist without a rebound.
9:19 of 2nd period - Kevin Hayes wins face-off versus Rickard Rakell in Kings zone.
9:20 of 2nd period - Shot by Ryan O'Reilly.
9:20 of 2nd period - Stopped by Henrik Lundqvist with a rebound.
9:22 of 2nd period - Shot by Alex Pietrangelo.
9:22 of 2nd period - Deflect By Brock Boeser.
9:22 of 2nd period - Stopped by Henrik Lundqvist with a rebound.
9:24 of 2nd period - Shot by Alex Pietrangelo.
9:24 of 2nd period - Stopped by Henrik Lundqvist with a rebound.
9:26 of 2nd period - Shot by Kevin Hayes.
9:26 of 2nd period - Shot Misses the Net.
9:28 of 2nd period - Shot by Brock Boeser.
9:28 of 2nd period - Stopped by Henrik Lundqvist with a rebound.
9:30 of 2nd period - Shot by Alex Pietrangelo.
9:30 of 2nd period - Stopped by Henrik Lundqvist with a rebound.
9:32 of 2nd period - Shot by Alex Pietrangelo.
9:32 of 2nd period - Shot Misses the Net.
9:34 of 2nd period - Shot by Brock Boeser.
9:34 of 2nd period - Shot Misses the Net.
9:36 of 2nd period - Shot by Alex Pietrangelo.
9:36 of 2nd period - Goal by Alex Pietrangelo - Kings : 2 - Canucks : 2.
9:37 of 2nd period - Chris Tierney wins face-off versus Nick Paul in neutral zone.
10:21 of 2nd period - Off-side.
10:22 of 2nd period - Jonathan Toews wins face-off versus Brayden Point in neutral zone.
10:50 of 2nd period - Shot by Rickard Rakell.
10:50 of 2nd period - Stopped by Ryan Miller without a rebound.
10:51 of 2nd period - Mikael Backlund wins face-off versus Ryan O'Reilly in Canucks zone.
10:51 of 2nd period - Mikael Backlund is hit by Alex Pietrangelo.
10:53 of 2nd period - Shot by Andre Burakovsky.
10:53 of 2nd period - Deflect By Mikael Backlund.
10:53 of 2nd period - Stopped by Ryan Miller without a rebound.
10:54 of 2nd period - Ryan O'Reilly wins face-off versus Mikael Backlund in Canucks zone.
10:54 of 2nd period - Ryan O'Reilly is hit by Jesper Fast.
11:01 of 2nd period - Keith Yandle is hit by Marco Scandella and loses puck.
11:12 of 2nd period - Shot by Mikael Backlund.
11:12 of 2nd period - Stopped by Ryan Miller with a rebound.
11:32 of 2nd period - Shot by Ryan O'Reilly.
11:32 of 2nd period - Shot Blocked by Marc-Edouard Vlasic.
12:10 of 2nd period - Shot by Morgan Rielly.
12:10 of 2nd period - Shot Misses the Net.
12:16 of 2nd period - Minor Penalty to Brayden Point for Hooking.
12:17 of 2nd period - Jonathan Toews wins face-off versus Boone Jenner in Canucks zone.
12:34 of 2nd period - Shot by Rickard Rakell.
12:34 of 2nd period - Shot Blocked by Keith Yandle.
12:36 of 2nd period - Shot by Rickard Rakell.
12:36 of 2nd period - Stopped by Ryan Miller without a rebound.
12:37 of 2nd period - Mikael Backlund wins face-off versus Boone Jenner in Canucks zone.
14:20 of 2nd period - Off-side.
14:21 of 2nd period - Lucas Wallmark wins face-off versus Ryan O'Reilly in neutral zone.
14:23 of 2nd period - Daniel Sprong is hit by Ron Hainsey and loses puck.
14:32 of 2nd period - Shot by Lucas Wallmark.
14:32 of 2nd period - Stopped by Ryan Miller with a rebound.
14:34 of 2nd period - Shot by Janne Kuokkanen.
14:34 of 2nd period - Stopped by Ryan Miller without a rebound.
14:35 of 2nd period - Brayden Point wins face-off versus Nick Paul in Canucks zone.
14:35 of 2nd period - Tanner Pearson is hit by Nick Paul.
14:40 of 2nd period - Minor Penalty to Stephen Johns for Holding.
14:41 of 2nd period - Blake Coleman wins face-off versus Jonathan Toews in Kings zone.
15:00 of 2nd period - Shot by Alex Pietrangelo.
15:00 of 2nd period - Stopped by Henrik Lundqvist without a rebound.
15:01 of 2nd period - Kevin Hayes wins face-off versus Rickard Rakell in Kings zone.
15:12 of 2nd period - Shot by Anthony Duclair.
15:12 of 2nd period - Shot Misses the Net.
15:19 of 2nd period - Icing by Kevin Hayes.
15:20 of 2nd period - Kevin Hayes wins face-off versus Jonathan Toews in Canucks zone.
15:45 of 2nd period - Shot by Brock Boeser.
15:45 of 2nd period - Stopped by Henrik Lundqvist without a rebound.
15:46 of 2nd period - Jonathan Toews wins face-off versus Mitch Marner in Kings zone.
15:46 of 2nd period - Jonathan Toews is hit by Blake Coleman.
16:21 of 2nd period - Shot by Blake Coleman.
16:21 of 2nd period - Shot Blocked by Anthony Bitetto.
16:23 of 2nd period - Shot by Alex Pietrangelo.
16:23 of 2nd period - Shot Misses the Net.
16:52 of 2nd period - Boone Jenner is hit by Marc-Edouard Vlasic.
17:45 of 2nd period - Shot by Zemgus Girgensons.
17:45 of 2nd period - Deflect By Justin Williams.
17:45 of 2nd period - Shot Misses the Net.
17:47 of 2nd period - Shot by John Moore.
17:47 of 2nd period - Shot Blocked by Boone Jenner.
18:37 of 2nd period - Shot by Jordan Eberle.
18:37 of 2nd period - Stopped by Ryan Miller without a rebound.
18:38 of 2nd period - Mikael Backlund wins face-off versus Brayden Point in Canucks zone.
19:02 of 2nd period - Shot by Andre Burakovsky.
19:02 of 2nd period - Shot Misses the Net.
19:04 of 2nd period - Shot by Jesper Fast.
19:04 of 2nd period - Shot Blocked by Brayden Point.
19:06 of 2nd period - Shot by Andre Burakovsky.
19:06 of 2nd period - Stopped by Ryan Miller without a rebound.
19:07 of 2nd period - Ryan O'Reilly wins face-off versus Jonathan Toews in Canucks zone.
19:11 of 2nd period - Off-side.
19:12 of 2nd period - Brock Boeser wins face-off versus Jonathan Toews in neutral zone.
19:54 of 2nd period - Icing by Madison Bowey.
19:55 of 2nd period - Jonathan Toews wins face-off versus Brayden Point in Kings zone.
Goals for this period are 0 for Kings vs 2 for Canucks.
Shots for this period are 9 for Kings vs 16 for Canucks.

3rd period


0:01 of 3rd period - Brayden Point wins face-off versus Jonathan Toews in neutral zone.
0:40 of 3rd period - Shot by Brayden Point.
0:40 of 3rd period - Shot Misses the Net.
0:42 of 3rd period - Shot by Tanner Pearson.
0:42 of 3rd period - Deflect By Brayden Point.
0:42 of 3rd period - Stopped by Henrik Lundqvist with a rebound.
1:43 of 3rd period - Mikael Backlund is hit by Blake Coleman.
2:22 of 3rd period - Off-side.
2:23 of 3rd period - Zemgus Girgensons wins face-off versus Brayden Point in neutral zone.
2:42 of 3rd period - Keith Yandle is hit by Justin Williams and loses puck.
3:20 of 3rd period - Aaron Ekblad is hit by Madison Bowey and loses puck.
3:30 of 3rd period - Icing by Nick Paul.
3:31 of 3rd period - Ryan O'Reilly wins face-off versus Nick Paul in Kings zone.
3:59 of 3rd period - Shot by Andre Burakovsky.
3:59 of 3rd period - Stopped by Ryan Miller without a rebound.
4:00 of 3rd period - Kevin Hayes wins face-off versus Jonathan Toews in Canucks zone.
5:05 of 3rd period - Shot by Mitch Marner.
5:05 of 3rd period - Stopped by Henrik Lundqvist with a rebound.
5:27 of 3rd period - Shot by Mikael Backlund.
5:27 of 3rd period - Shot Misses the Net.
5:29 of 3rd period - Shot by Marc-Edouard Vlasic.
5:29 of 3rd period - Deflect By Mikael Backlund.
5:29 of 3rd period - Stopped by Ryan Miller without a rebound.
5:30 of 3rd period - Ryan O'Reilly wins face-off versus Mikael Backlund in Canucks zone.
5:30 of 3rd period - Ryan O'Reilly is hit by Jesper Fast.
5:35 of 3rd period - Icing by Blake Coleman.
5:36 of 3rd period - Ryan O'Reilly wins face-off versus Mikael Backlund in Canucks zone.
6:03 of 3rd period - Shot by Andre Burakovsky.
6:03 of 3rd period - Shot Misses the Net.
7:00 of 3rd period - Off-side.
7:01 of 3rd period - Lucas Wallmark wins face-off versus Mitch Marner in neutral zone.
7:31 of 3rd period - Shot by Daniel Sprong.
7:31 of 3rd period - Shot Misses the Net.
7:41 of 3rd period - Shot by Mitch Marner.
7:41 of 3rd period - Stopped by Henrik Lundqvist with a rebound.
7:54 of 3rd period - Shot by Rickard Rakell.
7:54 of 3rd period - Shot Blocked by Mitch Marner.
7:56 of 3rd period - Shot by Jonathan Toews.
7:56 of 3rd period - Deflect By Jordan Eberle.
7:56 of 3rd period - Shot Misses the Net.
7:58 of 3rd period - Shot by Jonathan Toews.
7:58 of 3rd period - Stopped by Ryan Miller without a rebound.
7:59 of 3rd period - Ryan O'Reilly wins face-off versus Nick Paul in Canucks zone.
8:04 of 3rd period - Marco Scandella is hit by Blake Coleman and loses puck.
9:04 of 3rd period - Shot by Jonathan Toews.
9:04 of 3rd period - Stopped by Ryan Miller without a rebound.
9:05 of 3rd period - Kevin Hayes wins face-off versus Mikael Backlund in Canucks zone.
9:28 of 3rd period - Shot by Anthony Duclair.
9:28 of 3rd period - Shot Misses the Net.
9:35 of 3rd period - Icing by Mikael Backlund.
9:36 of 3rd period - Mikael Backlund wins face-off versus Brayden Point in Kings zone.
9:53 of 3rd period - Andre Burakovsky is hit by Brayden Point.
11:25 of 3rd period - Shot by Ryan O'Reilly.
11:25 of 3rd period - Shot Misses the Net.
12:08 of 3rd period - Icing by Ian Cole.
12:09 of 3rd period - Kevin Hayes wins face-off versus Mikael Backlund in Canucks zone.
12:37 of 3rd period - Icing by Jesper Fast.
12:38 of 3rd period - Mikael Backlund wins face-off versus Chris Tierney in Kings zone.
12:38 of 3rd period - Mikael Backlund is hit by Chris Tierney.
13:13 of 3rd period - Shot by Jonathan Toews.
13:13 of 3rd period - Stopped by Ryan Miller without a rebound.
13:14 of 3rd period - Lucas Wallmark wins face-off versus Ryan O'Reilly in Canucks zone.
13:25 of 3rd period - Shot by Ryan O'Reilly.
13:25 of 3rd period - Stopped by Henrik Lundqvist without a rebound.
13:26 of 3rd period - Jonathan Toews wins face-off versus Brayden Point in Kings zone.
13:33 of 3rd period - Shot by Jonathan Toews.
13:33 of 3rd period - Stopped by Ryan Miller without a rebound.
13:34 of 3rd period - Jonathan Toews wins face-off versus Brayden Point in Canucks zone.
13:38 of 3rd period - Icing by Keith Yandle.
13:39 of 3rd period - Jonathan Toews wins face-off versus Brayden Point in Canucks zone.
13:44 of 3rd period - Shot by Rickard Rakell.
13:44 of 3rd period - Shot Misses the Net.
14:53 of 3rd period - Shot by Mikael Backlund.
14:53 of 3rd period - Shot Misses the Net.
14:55 of 3rd period - Shot by Mikael Backlund.
14:55 of 3rd period - Shot Blocked by Morgan Rielly.
15:06 of 3rd period - Brock Boeser is hit by Stephen Johns and loses puck.
15:12 of 3rd period - Off-side.
15:13 of 3rd period - Kevin Hayes wins face-off versus Lucas Wallmark in neutral zone.
15:16 of 3rd period - Shot by Kevin Hayes.
15:16 of 3rd period - Shot Misses the Net.
15:22 of 3rd period - Shot by Kirby Dach.
15:22 of 3rd period - Shot Misses the Net.
15:40 of 3rd period - Lucas Wallmark is hit by Kirby Dach and loses puck.
15:52 of 3rd period - Anthony Bitetto is hit by Kirby Dach and loses puck.
16:30 of 3rd period - Shot by Justin Williams.
16:30 of 3rd period - Shot Blocked by Ian Cole.
18:56 of 3rd period - Morgan Rielly is hit by Stephen Johns and loses puck.
19:05 of 3rd period - Shot by Stephen Johns.
19:05 of 3rd period - Shot Misses the Net.
19:07 of 3rd period - Shot by Stephen Johns.
19:07 of 3rd period - Shot Misses the Net.
19:16 of 3rd period - Chris Tierney is hit by Stephen Johns and loses puck.
19:20 of 3rd period - Icing by John Moore.
19:21 of 3rd period - Lucas Wallmark wins face-off versus Ryan O'Reilly in Kings zone.
19:32 of 3rd period - Shot by Lucas Wallmark.
19:32 of 3rd period - Shot Misses the Net.
19:34 of 3rd period - Shot by Lucas Wallmark.
19:34 of 3rd period - Shot Misses the Net.
19:41 of 3rd period - Icing by Alex Pietrangelo.
19:42 of 3rd period - Ryan O'Reilly wins face-off versus Nick Paul in Canucks zone.
19:42 of 3rd period - Ryan O'Reilly is hit by Nick Paul.
19:45 of 3rd period - Keith Yandle is hit by Nick Paul and loses puck.
19:55 of 3rd period - Icing by Justin Williams.
19:56 of 3rd period - Kevin Hayes wins face-off versus Nick Paul in Kings zone.
19:56 of 3rd period - Kevin Hayes is hit by Anthony Bitetto.
Goals for this period are 0 for Kings vs 0 for Canucks.
Shots for this period are 6 for Kings vs 4 for Canucks.

Overtime #1


0:01 of 1st overtime period - Jonathan Toews wins face-off versus Brayden Point in neutral zone.
0:12 of 1st overtime period - Shot by Jonathan Toews.
0:12 of 1st overtime period - Shot Misses the Net.
0:16 of 1st overtime period - Shot by Jonathan Toews.
0:16 of 1st overtime period - Stopped by Ryan Miller without a rebound.
0:17 of 1st overtime period - Brayden Point wins face-off versus Jonathan Toews in Canucks zone.
1:05 of 1st overtime period - Icing by Marco Scandella.
1:06 of 1st overtime period - Rickard Rakell wins face-off versus Ryan O'Reilly in Kings zone.
1:17 of 1st overtime period - Shot by Rickard Rakell.
1:17 of 1st overtime period - Shot Hit the Post.
1:21 of 1st overtime period - Shot by Rickard Rakell.
1:21 of 1st overtime period - Shot Blocked by Aaron Ekblad.
1:27 of 1st overtime period - Shot by Marco Scandella.
1:27 of 1st overtime period - Shot Blocked by Aaron Ekblad.
1:31 of 1st overtime period - Shot by Jordan Eberle.
1:31 of 1st overtime period - Stopped by Ryan Miller with a rebound.
1:37 of 1st overtime period - Shot by Jordan Eberle.
1:37 of 1st overtime period - Shot Misses the Net.
1:39 of 1st overtime period - Shot by Marco Scandella.
1:39 of 1st overtime period - Stopped by Ryan Miller without a rebound.
1:40 of 1st overtime period - Brayden Point wins face-off versus Jonathan Toews in Canucks zone.
2:03 of 1st overtime period - Shot by Mitch Marner.
2:03 of 1st overtime period - Stopped by Henrik Lundqvist without a rebound.
2:04 of 1st overtime period - Ryan O'Reilly wins face-off versus Rickard Rakell in Kings zone.
2:23 of 1st overtime period - Shot by Jordan Eberle.
2:23 of 1st overtime period - Stopped by Ryan Miller without a rebound.
2:24 of 1st overtime period - Brayden Point wins face-off versus Jonathan Toews in Canucks zone.
2:39 of 1st overtime period - Shot by Mitch Marner.
2:39 of 1st overtime period - Deflect By Brayden Point.
2:39 of 1st overtime period - Shot Misses the Net.
2:43 of 1st overtime period - Shot by Mitch Marner.
2:43 of 1st overtime period - Shot Misses the Net.
2:45 of 1st overtime period - Shot by Alex Pietrangelo.
2:45 of 1st overtime period - Shot Misses the Net.
3:02 of 1st overtime period - Icing by Marc-Edouard Vlasic.
3:03 of 1st overtime period - Jonathan Toews wins face-off versus Ryan O'Reilly in Kings zone.
3:36 of 1st overtime period - Shot by Rickard Rakell.
3:36 of 1st overtime period - Shot Blocked by Aaron Ekblad.
3:38 of 1st overtime period - Shot by Jordan Eberle.
3:38 of 1st overtime period - Shot Misses the Net.
3:47 of 1st overtime period - Icing by Aaron Ekblad.
3:48 of 1st overtime period - Ryan O'Reilly wins face-off versus Jonathan Toews in Canucks zone.
4:05 of 1st overtime period - Shot by Andre Burakovsky.
4:05 of 1st overtime period - Stopped by Ryan Miller without a rebound.
4:06 of 1st overtime period - Mikael Backlund wins face-off versus Brayden Point in Canucks zone.
4:34 of 1st overtime period - Shot by Rickard Rakell.
4:34 of 1st overtime period - Deflect By Mikael Backlund.
4:34 of 1st overtime period - Shot Blocked by Alex Pietrangelo.
4:36 of 1st overtime period - Shot by Rickard Rakell.
4:36 of 1st overtime period - Goal by Rickard Rakell - Kings : 3 - Canucks : 2.
Goals for this period are 1 for Kings vs 0 for Canucks.
Shots for this period are 6 for Kings vs 1 for Canucks.